AoeStats
← CaptainCarrot

Arena

510769275Analyzed
2v2 RM · 1d ago on Oct 2, 2026· 42m 14s· 4 players
Game mode
Random Map
Map size
Medium (4 player)
Population
200
Speed
Normal
Resources
Standard
Victory
Conquest
Starting age
Dark Age
Ending age
Imperial Age
RankedLock teamsTeams togetherTeam positionsShared explorationLock speedFull tech treeHidden civsTurbo modeCheats
Victory
Defeat
🇩🇪 Italians · Germany
1359
+16
🇳🇱 Lithuanians · Netherlands
1346
+17
🇮🇪 Japanese · Ireland
1409
-18
🇻🇳 Tupi · Vietnam
1326
-15
Heiner
9:59 Feudal Age
11:14 Double-Bit Axe
11:43 Horse Collar
14:05 Castle Age
15:14 Heavy Plow
16:11 Town Watch
17:03 Wheelbarrow
21:28 Padded Archer Armor
23:25 Bow Saw
23:41 Hand Cart
23:29 Gold Mining
24:37 Leather Archer Armor
29:19 Imperial Age
31:18 Chemistry
30:35 Pirotechnia
31:02 Ring Archer Armor
31:58 Conscription
32:07 Fletching
33:48 Scale Barding Armor
35:51 Bloodlines
35:41 Husbandry
35:50 Light Cavalry
36:38 Hussar
37:40 Chain Barding Armor
37:30 Forging
39:05 Plate Barding Armor
42:21 Iron Casting
CaptainCarrot
9:53 Feudal Age
14:03 Castle Age
12:09 Double-Bit Axe
13:38 Horse Collar
25:25 Wheelbarrow
25:57 Husbandry
25:58 Loom
26:49 Devotion
27:23 Scale Barding Armor
27:56 Fletching
28:13 Gold Mining
28:20 Stone Mining
28:43 Heavy Plow
29:05 Town Watch
29:55 Chain Barding Armor
33:30 Imperial Age
31:51 Bloodlines
32:57 Forging
33:10 Bodkin Arrow
34:51 Plate Barding Armor
33:50 Cavalier
36:25 Chemistry
36:22 Hand Cart
35:59 Capped Ram
39:07 Padded Archer Armor
Fr Spodo Komodo
10:21 Feudal Age
14:14 Castle Age
12:07 Double-Bit Axe
15:05 Man-at-Arms
20:47 Horse Collar
22:00 Scale Mail Armor
22:40 Loom
25:01 Wheelbarrow
24:53 Fletching
26:52 Town Watch
28:11 Hand Cart
31:27 Imperial Age
30:22 Bodkin Arrow
31:10 Forging
31:15 Chain Mail Armor
31:03 Squires
30:57 Gold Mining
34:54 Conscription
34:01 Pikeman
35:03 Caravan
35:48 Conscription
35:19 Elite Skirmisher
37:29 Padded Archer Armor
38:28 Town Patrol
39:12 Leather Archer Armor
Cuong Boss
9:01 Feudal Age
9:44 Loom
11:27 Loom
15:19 Castle Age
14:20 Double-Bit Axe
17:48 Horse Collar
24:48 Heavy Plow
26:27 Wheelbarrow
27:44 Bow Saw
27:56 Gold Mining
28:23 Hand Cart
28:42 Treadmill Crane
32:56 Imperial Age
31:05 Gold Shaft Mining
30:20 Stone Mining
30:03 Crossbowman
30:58 Fletching
31:42 Town Watch
32:13 Bodkin Arrow
31:47 Pikeman
32:28 Squires
33:21 Padded Archer Armor
34:18 Ballistics
34:08 Bracer
35:10 Chemistry
35:04 Conscription
34:54 Scale Mail Armor
34:16 Arbalester
36:22 Chain Mail Armor
36:22 Halberdier
38:21 Two-Man Saw
38:14 Arson
39:02 Plate Mail Armor
38:31 Elite Skirmisher
39:23 Forging
39:56 Leather Archer Armor
41:27 Hoardings
42:23 Ring Archer Armor
Connection lost

Rejoining the realm…

Still unreachable

The connection could not be restored.

Session expired

The server has moved on; the page needs a fresh start.